 Dungeon Crawl Stone Soup version 0.19.5 (webtiles) character file.

1392 ghjk the Cleaver (level 8, 0/69 HPs)
             Began as a Minotaur Fighter on Apr 26, 2017.
             Was an Initiate of Okawaru.
             Slain by an orc warrior
             ... wielding a +0 glaive
              (22 damage)
             ... on level 7 of the Dungeon.
             The game lasted 00:06:35 (4225 turns).

ghjk the Cleaver (Minotaur Fighter)                 Turns: 4225, Time: 00:06:35

Health: 0/69       AC: 10    Str: 23    XL:     8   Next: 41%
Magic:  16/16      EV:  6    Int:  5    God:    Okawaru [......]
Gold:   435        SH:  9    Dex: 10    Spells: 0 memorised, 7 levels left

rFire  . . .     SeeInvis .     a - +1 war axe
rCold  . . .     Gourm    +     n - +0 chain mail
rNeg   . . .     Faith    .     c - +0 shield
rPois  .         Spirit   .     (helmet restricted)
rElec  .         Reflect  .     (no cloak)
rCorr  .         Harm     .     (no gloves)
MR     .....                    (no boots)
Stlth  ..........               g - amulet of Nobility {Gourm MP+9}
                                (no ring)
                                (no ring)

@: drained
A: retaliatory headbutt, horns 2
a: Renounce Religion


You were on level 7 of the Dungeon.
You worshipped Okawaru.
Okawaru was noncommittal.
You were hungry.

You visited 2 branches of the dungeon, and saw 8 of its levels.

You collected 435 gold pieces.

Inventory:

Hand Weapons
 a - a +1 war axe (weapon)
Armour
 b - a +1 scale mail
 c - a +0 shield (worn)
 n - a +0 chain mail (worn)
Jewellery
 e - a -3 ring of protection
 g - the amulet of Nobility (around neck) {Gourm MP+9}
   (You found it on level 5 of the Dungeon)

   [amulet of the gourmand]

   It allows you to eat raw meat even when not hungry.
   It affects your magic capacity (+9).
 l - an uncursed amulet of inaccuracy
Wands
 s - a wand of iceblast (10/15)
Scrolls
 h - 5 scrolls of teleportation
 i - 2 scrolls of remove curse
 o - a scroll of enchant weapon
 t - a scroll of magic mapping
 v - 2 scrolls of identify
 y - a scroll of amnesia {unknown}
Potions
 d - 2 potions of might
 j - 3 potions of curing
 k - 2 potions of heal wounds
 m - 2 potions of lignification
 p - a potion of berserk rage
 q - a potion of invisibility
 x - a potion of beneficial mutation {unknown}
 z - a potion of degeneration {unknown}
 B - a potion of cancellation {unknown}
Comestibles
 f - 3 bread rations
 r - a royal jelly
 u - a meat ration
 w - 2 fruits
 A - a beef jerky


   Skills:
 + Level 5.5(4.7) Fighting
 * Level 10.3(9.5) Axes
 + Level 6.5(5.7) Armour
 + Level 1.3(0.6) Dodging
 - Level 3.6(2.9) Shields


You had 7 spell levels left.
You didn't know any spells.

Dungeon Overview and Level Annotations

Branches:
Dungeon (7/15)             Temple (1/1) D:5

Altars:
Ashenzari
Dithmenos
Elyvilon
Gozag
Hepliaklqana
Kikubaaqudgha
Makhleb
Nemelex Xobeh
Okawaru
Qazlal
Sif Muna
Xom
Yredelemnul
The Shining One

Shops:
D:4 :   D:5 }


Innate Abilities, Weirdness & Mutations

You reflexively headbutt those who attack you in melee.
You have a pair of horns on your head.


Message History

You feel drained.
Your shield prevents you from hitting the wight.
Your headbutt misses the wight. You block the wight's attack.
The wight hits you from afar with a halberd!
You feel drained.
You slash the wight!
The wight is severely damaged.
You block the wight's attack.
You hit the wight but do no damage.
The wight is severely damaged.
The wight hits you from afar with a halberd.
You feel drained.
The wight hits you with an enchanted short sword.
You slash the wight!
You destroy the wight!
Okawaru accepts your kill.
The wight hits you from afar with a halberd.
Unknown command.
The orc warrior hits you with a glaive!!
You die...

#...##.#
#......#
..##
######.# ...
...###..###
#.. ⌠.....#
#..##8..8#
#...#...#
...#..o#zz.#
#.....@.#
.......#)#
####.#.#.#
.....#.# ...
.#.#.# ##
#.#..<#
+......#
########


You could see an orc warrior and 2 wights.

Vanquished Creatures
  Grinder (D:4)
  Sigmund (D:4)
  An ice beast (D:5)
  A sky beast (D:6)
  An ogre (D:5)
  A phantom (D:4)
  2 wights (D:7)
  A centaur zombie (D:5)
  2 crimson imps (D:6)
  An orc priest (D:5)
  A hound (D:6)
  A jelly (D:6)
  2 bullfrog skeletons
  3 orc wizards
  4 worker ants
  A hound skeleton (D:5)
  6 adders
  An ooze (D:1)
  An adder skeleton (D:5)
  3 worms
  3 dart slugs
  2 leopard geckos
  10 orcs
  6 bats
  2 giant cockroaches
  9 goblins
  8 hobgoblins
  9 jackals
  8 kobolds
  2 quokkas
  2 frilled lizards (D:1)
  8 rats
104 creatures vanquished.

Vanquished Creatures (others)
  A quokka (D:5)
1 creature vanquished.

Grand Total: 105 creatures vanquished

Notes
Turn   | Place    | Note
-------+----------+-------------------------------------------
     0 | D:1      | ghjk the Minotaur Fighter began the quest for the Orb.
     0 | D:1      | Reached XP level 1. HP: 19/19 MP: 0/0
    82 | D:1      | Reached XP level 2. HP: 27/27 MP: 1/1
   308 | D:1      | Reached skill level 3 in Axes
   573 | D:1      | Reached XP level 3. HP: 33/33 MP: 2/2
   724 | D:2      | Reached skill level 4 in Axes
   875 | D:2      | Reached XP level 4. HP: 40/40 MP: 3/3
   939 | D:2      | Found an opulent altar of Gozag.
  1460 | D:3      | Reached skill level 5 in Axes
  1604 | D:3      | Reached XP level 5. HP: 44/46 MP: 4/4
  1611 | D:3      | Found a faded altar of an unknown god.
  1952 | D:4      | Found a stormy altar of Qazlal.
  2000 | D:4      | Noticed Grinder
  2003 | D:4      | Noticed Sigmund
  2022 | D:4      | Killed Sigmund
  2022 | D:4      | Reached skill level 6 in Axes
  2022 | D:4      | Reached XP level 6. HP: 7/53 MP: 5/5
  2093 | D:4      | Killed Grinder
  2093 | D:4      | Reached skill level 7 in Axes
  2093 | D:4      | Reached skill level 5 in Armour
  2248 | D:4      | Found Ixzucynk's Book Boutique.
  2261 | D:4      | Reached XP level 7. HP: 40/60 MP: 6/6
  2267 | D:4      | Reached skill level 8 in Axes
  2712 | D:5      | Entered Level 5 of the Dungeon
  2831 | D:5      | Reached skill level 1 in Dodging
  2975 | D:5      | Found Puss's Gadget Emporium.
  3048 | D:5      | Reached skill level 5 in Fighting
  3048 | D:5      | Reached skill level 9 in Axes
  3163 | D:5      | Got a faintly glowing garnet amulet
  3164 | D:5      | Identified the amulet of Nobility {Gourm MP+9} (You found it on level 5 of the Dungeon)
  3177 | D:5      | Found a white marble altar of Elyvilon.
  3320 | D:5      | Found a staircase to the Ecumenical Temple.
  3324 | D:5      | Reached XP level 8. HP: 65/68 MP: 7/7
  3329 | Temple   | Entered the Ecumenical Temple
  3530 | Temple   | Became a worshipper of Warmaster Okawaru
  3770 | D:6      | Found an iron altar of Okawaru.
  4173 | D:6      | Reached skill level 10 in Axes
  4225 | D:7      | Slain by an orc warrior

Skill      XL: |  1  2  3  4  5  6  7  8 |
---------------+-------------------------+-----
Armour         | 4 5 6 |  6.5
Axes           | 3 4 5 6 7 9 10 | 10.3
Fighting       | 4 5 |  5.5
Dodging        | 1 |  1.3
Shields        | |  3.6

Action                   |  1- 3 |  4- 6 |  7- 9 || total
-------------------------+-------+-------+-------++-------
Melee: War axe           |    93 |    94 |   101 ||   288
       Headbutt          |    10 |    15 |    16 ||    41
  Use: Scroll            |     5 |     8 |     3 ||    16
       Potion            |       |     1 |       ||     1
  Eat: Chunk             |       |     5 |     4 ||     9
       Fruit             |       |       |     2 ||     2
Armor: Scale mail        |    46 |    14 |       ||    60
       Chain mail        |       |    39 |    41 ||    80
Dodge: Dodged            |    23 |    21 |    15 ||    59
Block: Shield            |    52 |    48 |    39 ||   139
